 Dungeon Crawl Stone Soup version 0.30.1-9-gdf580d7c3d (webtiles) character file.

Game seed: 11704964368602397472

158 jagang the Slasher (level 5, -2/45 HPs)
             Began as a Hill Orc Gladiator on Sept 29, 2023.
             Killed by nerve-wracking pain
             ... invoked by an orc priest
              (8 damage)
             ... on level 3 of the Dungeon.
             The game lasted 00:04:04 (1949 turns).

jagang the Slasher (Hill Orc Gladiator)             Turns: 1949, Time: 00:04:04

Health: -2/45      AC:  5    Str: 17    XL:     5   Next: 39%
Magic:  5/5        EV: 12    Int:  8    God:
Gold:   100        SH:  0    Dex: 14    Spells: 4/4 levels left

rFire   . . .        a - +0 long sword
rCold   . . .        (no shield)
rNeg    . . .        b - +0 leather armour
rPois   .            c - +0 helmet
rElec   .            (no cloak)
rCorr   .            (no gloves)
SInv    .            h - +0 pair of boots
Will    .....        (no amulet)
Stlth   +            (no ring)
HPRegen 0.27/turn    (no ring)
MPRegen 0.09/turn

%: no passive effects
@: no status effects
A: no striking features
a: Convert to Beogh


You were on level 3 of the Dungeon.
You visited 1 branch of the dungeon, and saw 3 of its levels.

You collected 100 gold pieces.

Inventory:

Hand Weapons
 a - a +0 long sword (weapon)
Missiles
 d - 3 throwing nets
 e - 7 javelins (quivered)
 n - 2 poisoned darts
Armour
 b - a +0 leather armour (worn)
 c - a +0 helmet (worn)
 h - a +0 pair of boots (worn)
 j - a +0 scale mail
Jewellery
 o - an amulet of reflection
Scrolls
 i - 2 scrolls of fear {unknown}
 k - 2 scrolls of vulnerability {unknown}
 l - 4 scrolls of identify {unknown}
 m - 3 scrolls of teleportation {unknown}
 q - a scroll of noise {unknown}
 r - a scroll of brand weapon {unknown}
Potions
 f - a potion of lignification {unknown}
 g - a potion of heal wounds {unknown}
 p - a potion of curing {unknown}


   Skills:
 + Level 3.4 Fighting
 + Level 4.0 Long Blades
 + Level 2.5 Throwing
 + Level 2.0 Armour
 * Level 3.3 Dodging


You had 4 spell levels left.
You didn't know any spells.
Your spell library contained the following spells:

 Spells                   Type           Power      Damage    Failure   Level
 Kiss of Death            Conj/Necr      0%         2d5       45%         1
 Confusing Touch          Hex            0%         N/A       83%         3
 Dispel Undead            Necr           0%         3d6       99%         4


Dungeon Overview and Level Annotations

Branches:
Dungeon (3/15)

Altars:


Message History

You hear some strange, mumbled words.
Something tries to affect you, but you resist.
The adder hisses angrily.
You miss something.
The orc priest calls down the wrath of Beogh upon you.
Beogh smites you!
* * * LOW HITPOINT WARNING * * *
Something hits you.
* * * LOW HITPOINT WARNING * * *
You hit something. Something hits you but does no damage.
You hit something. Something hits you but does no damage.
The orc priest calls down the wrath of Beogh upon you.
Something writhes in agony!
Reactivating autopickup.
You feel a bit more experienced.
Your Long Blades skill increases to level 4!
Your Armour skill increases to level 2!
You closely miss the orc. The orc barely misses you. The orc misses you.
You closely miss the orc.
The orc priest shouts, "Join the one true god or die!"
The orc hits you with a +0 short sword.
* * * LOW HITPOINT WARNING * * *
You closely miss the orc. The orc misses you.
The orc priest looks satisfied for a moment.
You slash the orc!
You kill the orc!
The orc priest threatens, "By the altar or by the axe, you will meet Beogh!"
You hit the orc priest but do no damage.
The orc priest completely misses you.
You hit the orc priest.
The orc priest is moderately wounded.
The orc priest hits you with a +0 short sword.
* * * LOW HITPOINT WARNING * * *
The orc priest shouts, "Join the one true god or die!"
The orc priest completely misses you.
You hit the orc priest but do no damage.
The orc priest is moderately wounded.
The orc priest invokes the aid of Beogh against you.
Pain shoots through your body!
You die... ### ..## ... .### ##SS ..#. #ol

..... #o# ..... ##@#
#.....########$.#
#.....#........##
#.......###########..
#..........##.......#
#............†##################
......######...............)....
###### ####################. ##


You could see an orc priest, an adder, an orc, a ball python and a frilled
lizard.

Vanquished Creatures
  5 gnolls (D:2)
  3 adders (D:2)
  2 worms
  2 dart slugs (D:2)
  An orc (D:3)
  2 bats
  6 endoplasms
  A giant cockroach (D:2)
  5 goblins
  5 hobgoblins
  4 jackals (D:1)
  4 kobolds
  5 ball pythons
  7 rats
52 creatures vanquished.

Vanquished Creatures (others)
  An orc wizard (D:3)
1 creature vanquished.

Grand Total: 53 creatures vanquished

Notes
Turn   | Place    | Note
-------+----------+-------------------------------------------
     0 | D:1      | jagang the Hill Orc Gladiator began the quest for the Orb.
     0 | D:1      | Reached XP level 1. HP: 18/18 MP: 1/1
   140 | D:1      | Found a faded altar of an unknown god.
   179 | D:1      | Reached XP level 2. HP: 25/25 MP: 2/2
   680 | D:1      | Reached XP level 3. HP: 23/30 MP: 3/3
   800 | D:2      | Identified the +0 robe of the Ageless Defenders {*Corrode
                  | rElec rF- Int+4}
   820 | D:2      | Reached skill level 1 in Armour
   979 | D:2      | Reached XP level 4. HP: 25/38 MP: 4/4
  1514 | D:2      | Reached XP level 5. HP: 45/45 MP: 5/5
  1943 | D:3      | Reached skill level 4 in Long Blades
  1949 | D:3      | Killed from afar by an orc priest

Illustrated notes

Levels and vault maps discovered:
D:1:      kennysheep_arrival_forest, layout_basic,
          hellmonk_ecumenical_altar_leap_of_faith
D:2:      layout_basic, nicolae_kite_square_tiling_tiny, minmay_circle_x
D:3:      layout_rooms, mainiacjoe_overflow_divided_tiny

Skill      XL: |  1  2  3  4  5 |
---------------+----------------+-----
Throwing       | 2 |  2.5
Armour         | 1 2 |  2.0
Fighting       | 3 |  3.4
Dodging        | 3 |  3.3
Long Blades    | 4 |  4.0

Action                     |  1- 3 |  4- 6 || total
---------------------------+-------+-------++-------
  Melee: Long sword        |    85 |    94 ||   179
         Punch             |     1 |       ||     1
  Throw: Javelin           |     1 |       ||     1
 Armour: Leather armour    |    28 |    22 ||    50
  Dodge: Dodged            |    69 |    53 ||   122
